 Dungeon Sprint DCSS version 0.21.0-24-g2553a33 (webtiles) character file.

431 letownia2 the Grappler (level 6, -1/61 HPs)
             Began as a Troll Wizard on Jan 19, 2018.
             Was an Initiate of Ru.
             Asphyxiated
             ... in the Dungeon (Sprint I: "Red Sonja").
             The game lasted 00:02:27 (208 turns).

letownia2 the Grappler (Troll Wizard)                Turns: 208, Time: 00:02:27

Health: -1/61      AC:  5    Str: 17    XL:     6   Next: 66%
Magic:  1/9        EV:  9    Int: 15    God:    Ru [......]
Gold:   297        SH:  0    Dex:  8    Spells: 2/11 levels left

rFire    . . .     SeeInvis .     - Unarmed
rCold    . . .     Gourm    +   (no shield)
rNeg     . . .     Faith    .   a - +0 robe
rPois    .         Spirit   .   b - +0 hat
rElec    .         Reflect  .   (no cloak)
rCorr    .         Harm     .   (gloves unavailable)
MR       .....     NoTele   +   (boots unavailable)
Stlth    +.........             (no amulet)
HPRegen  0.60/turn              (no ring)
MPRegen  0.11/turn              (no ring)

@: lethally poisoned (-1 -> -16), very slightly contaminated, slowed, very slow
A: large, unfitting armour, claws 3, fast metabolism 3, gourmand, regeneration
1, shaggy fur 1, tough skin 2
a: Renounce Religion


You were in the Dungeon.
You worshipped Ru.
Ru was noncommittal.
You were full.

You visited 1 branch You collected 297 gold pieces.

Inventory:

Armour
 a - a +0 robe (worn)
 b - a +0 hat (worn)
Wands
 k - a wand of random effects (29)
Scrolls
 j - a scroll of blinking
 m - a scroll of enchant armour {unknown}
Potions
 e - a potion of curing
 f - a potion of heal wounds
 g - a potion of haste
 h - 4 potions of magic
 i - a potion of berserk rage
Books
 c - a book of Minor Magic

   Spells                             Type                      Level
   a - Magic Dart                     Conjuration                  1
   b - Blink                          Translocation                2
   c - Call Imp                       Summoning                    2
   d - Slow                           Hexes                        2
   e - Conjure Flame                  Conjuration/Fire             3
   f - Mephitic Cloud                 Conjuration/Poison/Air       3
Comestibles
 d - 2 rations
 l - 3 chunks of flesh


   Skills:
 - Level 3.1 Fighting
 - Level 1.5 Dodging
 - Level 1.0 Stealth
 - Level 9.4 Unarmed Combat
 - Level 3.0 Spellcasting
 - Level 3.7 Conjurations
   Level 0.6 Summonings
 + Level 3.0 Translocations
 - Level 2.5 Fire Magic
 + Level 2.5 Air Magic
 + Level 2.7 Poison Magic


You had 2 spell levels left.
You knew the following spells:

 Your Spells              Type           Power        Failure   Level  Hunger
a - Magic Dart            Conj           ##..         4%          1    #......
b - Blink                 Tloc           N/A          9%          2    ##.....
c - Conjure Flame         Conj/Fire      ##......     16%         3    ###....
e - Mephitic Cloud        Conj/Pois/Air  ##......     17%         3    ###....


Dungeon Overview and Level Annotations

Branches:
Dungeon (1/1)

Altars:
Cheibriados
Dithmenos
Elyvilon
Fedhas
Gozag
Hepliaklqana
Kikubaaqudgha
Nemelex Xobeh
Okawaru
Qazlal
Ru
Sif Muna
Trog
Uskayaw
Vehumet
Wu Jian
Yredelemnul
Zin
The Shining One

Shops:
D [

Annotations:
D Sonja


Innate Abilities, Weirdness & Mutations

You are too large for most types of armour.
You have claws for hands.
Your metabolism is lightning-fast.
You like to eat raw meat.
Your natural rate of healing is unusually fast.
You are covered in fur. (AC +1)
You have very tough skin. (AC +2)


Message History

You are more poisoned.
Sonja closely misses you.
Sonja gestures wildly while chanting.
Sonja blinks!
Unknown command.
Press < or > to pray at altars.
Casting: Mephitic Cloud
Confirm with . or Enter, or press ? or * to list all spells.
Aiming: Mephitic Cloud
Press: ? - help, Shift-Dir - straight line, p - Sonja The ball explodes into a vile cloud!
The stinking cloud engulfs Sonja.
Sonja is lightly wounded.
* * * LOW HITPOINT WARNING * * *
You feel very sick.
Sonja unwields an uncursed short sword of venom.
It stops dripping with poison.
Sonja wields an uncursed blowgun.
Sonja shoots a curare-tipped needle.
The curare-tipped needle hits you.
You are lethally poisoned!
You have difficulty breathing.
You die...

################
#<.#.['..#.)'..#
#..)..#..'..#..+
#..#####'#####'#
#..####..#...#.#
#..#__####..##.#
#..#__§§_##'#_.+
#⌠⌠#_.K§§.'§.._#
####_..__##@.#+#
#_____###'#
####### .# .$
.$# .## +#


You could see Sonja.

Vanquished Creatures
  Sigmund (D)
  A yak (D)
  An ogre (D)
  A jelly (D)
  Ijyb (D)
5 creatures vanquished.

Notes
Turn   | Place    | Note
-------+----------+-------------------------------------------
     0 | D        | letownia2 the Troll Wizard began the quest for the Orb.
     0 | D        | Reached XP level 1. HP: 16/16 MP: 2/2
     3 | D        | Noticed Ijyb
    32 | D        | Killed Ijyb
    32 | D        | Reached skill level 4 in Unarmed Combat
    32 | D        | Reached XP level 2. HP: 18/24 MP: 4/4
    50 | D        | Learned a level 2 spell: Blink
    52 | D        | Noticed an ogre
    57 | D        | Killed an ogre
    57 | D        | Reached skill level 7 in Unarmed Combat
    57 | D        | Reached XP level 3. HP: 37/37 MP: 5/5
    57 | D        | Reached XP level 4. HP: 45/45 MP: 6/6
    69 | D        | Learned a level 3 spell: Conjure Flame
    74 | D        | Noticed Sigmund
    83 | D        | Killed Sigmund
    83 | D        | Reached skill level 9 in Unarmed Combat
    83 | D        | Reached XP level 5. HP: 32/53 MP: 6/8
    83 | D        | Reached XP level 6. HP: 37/61 MP: 6/9
    92 | D        | Learned a level 3 spell: Mephitic Cloud
   114 | D        | Found an ornate altar of the Wu Jian Council.
   114 | D        | Found a deep blue altar of Sif Muna.
   116 | D        | Found a radiant altar of Vehumet.
   121 | D        | Reached skill level 1 in Translocations
   154 | D        | Found Ephuxu's Armour Emporium.
   154 | D        | Found an ancient bone altar of Kikubaaqudgha.
   154 | D        | Found a hazy altar of Hepliaklqana.
   154 | D        | Found a stormy altar of Qazlal.
   154 | D        | Found a hide-covered altar of Uskayaw.
   154 | D        | Found a blossoming altar of Fedhas.
   154 | D        | Found a bloodstained altar of Trog.
   154 | D        | Found an iron altar of Okawaru.
   154 | D        | Found a basalt altar of Yredelemnul.
   154 | D        | Found a glowing golden altar of the Shining One.
   154 | D        | Found a snail-covered altar of Cheibriados.
   154 | D        | Found a sacrificial altar of Ru.
   154 | D        | Found a glowing silver altar of Zin.
   154 | D        | Found a shadowy altar of Dithmenos.
   154 | D        | Found a white marble altar of Elyvilon.
   154 | D        | Noticed a yak
   162 | D        | Killed a yak
   164 | D        | Found an opulent altar of Gozag.
   178 | D        | Found a sparkling altar of Nemelex Xobeh.
   183 | D        | Became a worshipper of Ru the Awakened
   195 | D        | Noticed Sonja
   208 | D        | Asphyxiated

Skill      XL: |  1  2  3  4  5  6 |
---------------+-------------------+-----
Unarmed Combat | 4 7 9 |  9.4
Conjurations   | 2 3 |  3.7
Fighting       | 3 |  3.1
Spellcasting   | 3 |  3.0
Fire Magic     | 2 |  2.5
Translocations | 3 |  3.0
Air Magic      | 2 |  2.5
Poison Magic   | 2 |  2.7
Dodging        | |  1.5
Stealth        | |  1.0
Summonings     | |  0.6

Action                   |  1- 3 |  4- 6 || total
-------------------------+-------+-------++-------
Melee: Unarmed           |    30 |    21 ||    51
 Cast: Mephitic Cloud    |       |     2 ||     2
       Conjure Flame     |       |     1 ||     1
Evoke: Wand              |     1 |       ||     1
  Use: Potion            |       |     1 ||     1
 Stab: Sleeping          |     1 |       ||     1
  Eat: Chunk             |       |     4 ||     4
Armor: Robe              |    12 |     4 ||    16
Dodge: Dodged            |     8 |     8 ||    16
